Map: 트라이튼 - 래더

Players

Rail

  • Race: Protoss Protoss
  • Spawn Location: 5:00

RagnaroK (SHIN) - Winner!

  • Race: Zerg Zerg
  • Spawn Location: 11:00

Event: IEM Katowice 2020

VOD

Have the link to the VOD?

Description

Time

  • Played on: Feb. 25, 2020, 10:32 a.m.
  • Length: 12:04

All games in this series

Show
View Real Time Build Order
Export as new Build Order

Rail Protoss 

Build Orders: 1 Gate Expand 

Get SALT Encoding   

  12  0:00  Probe  
  13  0:12  Probe  
  14  0:19  Pylon  
  14  0:24  Probe (Chrono Boost)  
  15  0:37  Probe (Chrono Boost)  
  15  0:38  Gateway  
  16  0:45  Probe (Chrono Boost)  
  16  0:46  Assimilator  
  17  0:51  Probe  
  18  1:03  Probe  
  19  1:15  Probe  
  20  1:26  Nexus  
  20  1:34  Cybernetics Core  
  20  1:37  Probe  
  21  1:43  Assimilator  
  21  1:49  Probe  
  21  1:53  Pylon  
  22  2:01  Probe  
  22  2:08  Adept (Chrono Boost)  
  23  2:14  Probe  
  26  2:15  Twilight Council  
  26  2:20  Warp Gate  
  26  2:26  Probe  
  26  2:28  Stalker (Chrono Boost)  
  29  2:37  Probe  
  29  2:38  Probe  
  31  2:49  Probe  
  31  2:50  Probe, Adept  
  35  3:00  Resonating Glaives  
  35  3:02  Probe  
  36  3:07  Probe, Robotics Facility  
  37  3:17  Probe (Chrono Boost), Gateway  
  38  3:25  Probe (Chrono Boost)  
  39  3:28  Pylon  
  39  3:32  Gateway  
  39  3:33  Probe (Chrono Boost)  
  40  3:36  Probe (Chrono Boost)  
  42  3:41  Probe (Chrono Boost)  
  42  3:44  Probe (Chrono Boost)  
  42  3:46  Probe (Chrono Boost), Assimilator  
  44  3:51  Probe  
  44  3:54  Warp Prism (Chrono Boost)  
  45  3:55  Pylon  
  47  4:12  Adept x2  
  51  4:20  Nexus  
  51  4:23  Shield Battery  
  51  4:31  Adept  
  53  4:33  Adept  
  53  4:34  Adept  
  57  4:39  Pylon, Observer  
  57  4:43  Robotics Bay  
  57  4:44  Probe  
  59  4:48  Probe  
  60  4:53  Pylon  
  60  4:59  Adept x2  
  64  5:00  Adept  
  64  5:05  Probe x2  
  68  5:10  Immortal (Chrono Boost)  
  72  5:23  Adept, Sentry  
  72  5:27  Gateway  
  76  5:28  Gateway  
  76  5:33  Adept  
  76  5:34  Probe  
  79  5:37  Gateway  
  79  5:38  Disruptor (Chrono Boost)  
  82  5:47  Pylon  
  82  5:50  Probe x2, Adept x2  
  82  5:51  Probe  
  82  5:54  Stalker  
  91  6:01  Pylon  
  91  6:02  Probe  
  92  6:13  Adept, Sentry, Gateway  
  92  6:15  Gateway  
  92  6:16  Pylon  
  96  6:21  Zealot  
  98  6:25  Pylon  
  98  6:38  Disruptor  
  99  6:43  Adept x5  
  99  6:45  Adept  
  82  6:57  Probe  
  82  7:00  Adept  
  82  7:01  Adept  
  83  7:03  Adept x4  
  83  7:10  Adept x2  
  83  7:11  Probe  
  78  7:17  Adept  
  78  7:18  Adept  
  78  7:20  Adept  
  75  7:24  Adept  
  75  7:27  Probe  
  75  7:29  Adept  
  71  7:35  Adept  
  61  7:37  Adept x2  
  61  7:38  Probe  
  61  7:40  Adept, Zealot x2  
  64  7:46  Adept  
  64  7:53  Probe x2  
  66  8:00  Probe  
  66  8:02  Adept  
  66  8:03  Adept x3  
  66  8:04  Zealot  
  66  8:05  Probe  
  73  8:06  Probe  
  73  8:15  Adept, Sentry  
  73  8:17  Adept  
  79  8:29  Adept x4  
  79  8:32  Zealot  
  89  8:34  Adept, Zealot  
  89  8:37  Adept  
  93  8:56  Adept x2  
  85  9:03  Adept x4  
  85  9:04  Warp Prism (Chrono Boost)  
  57  9:19  Probe x2, Adept x3  
  57  9:20  Adept x4, Pylon  
  57  9:21  Adept  
  69  9:29  Pylon  
  69  9:40  Adept x4  
  69  9:41  Adept x4  
  69  9:43  Probe  
  86  9:56  Probe  
  87  10:01  Stalker x4  
  87  10:02  Zealot x3  
  85  10:21  Immortal (Chrono Boost)  
  85  10:25  Adept, Zealot x5  
  89  10:32  Probe  
  80  10:36  Adept, Sentry  
  80  10:38  Assimilator  
  80  10:50  Stalker x3  
  80  10:51  Zealot x3  
  80  10:55  Assimilator  
  92  10:58  Stalker  
  94  11:07  Stalker  
  96  11:16  Adept  
  98  11:19  Stalker x3  
  98  11:20  Zealot x2  
  98  11:24  Stalker  
  110  11:30  Stalker  
  112  11:36  Stalker  
  112  11:37  Stalker  
Show
View Real Time Build Order
Export as new Build Order

RagnaroK Zerg - Winner!

Build Orders: Hatch First 

Get SALT Encoding   

  12  0:00  Drone  
  13  0:12  Overlord  
  13  0:16  Drone  
  14  0:31  Drone x2  
  16  0:48  Hatchery  
  15  0:51  Drone  
  15  0:54  Drone  
  17  0:58  Drone  
  18  1:09  Extractor  
  17  1:13  Spawning Pool  
  17  1:16  Drone  
  17  1:20  Drone  
  18  1:28  Drone  
  19  1:39  Drone  
  20  1:46  Hatchery  
  19  1:50  Drone  
  20  1:59  Queen  
  22  2:02  Zergling x2  
  22  2:06  Drone  
  24  2:11  Drone  
  24  2:14  Overlord  
  25  2:24  Queen  
  27  2:31  Drone  
  27  2:33  Zergling x4  
  27  2:36  Metabolic Boost  
  30  2:41  Drone  
  31  2:46  Queen  
  31  2:50  Drone  
  34  2:58  Drone x2, Overlord  
  34  3:00  Drone  
  34  3:05  Drone x2  
  39  3:09  Drone  
  40  3:13  Queen  
  40  3:17  Drone x2  
  44  3:20  Drone  
  44  3:25  Queen  
  48  3:27  Drone  
  48  3:31  Spore Crawler  
  47  3:35  Drone x3  
  47  3:38  Overlord  
  50  3:42  Overlord  
  50  3:50  Extractor, Roach Warren  
  48  3:56  Drone  
  48  3:57  Drone  
  48  3:58  Drone x3  
  53  4:02  Lair  
  53  4:07  Zergling x6  
  56  4:12  Spore Crawler  
  56  4:13  Spore Crawler  
  56  4:15  Zergling x4  
  56  4:17  Zergling x2  
  56  4:19  Drone  
  58  4:27  Extractor, Drone x3  
  58  4:28  Overlord  
  60  4:35  Roach  
  60  4:36  Roach x2  
  66  4:38  Overlord  
  66  4:45  Overlord  
  66  4:48  Roach x2  
  70  4:54  Roach x2  
  70  4:55  Overlord  
  76  5:00  Roach x2  
  76  5:03  Zergling x4  
  76  5:05  Glial Reconstitution  
  79  5:10  Zergling x2, Roach  
  82  5:18  Overlord  
  82  5:19  Roach x2  
  86  5:24  Roach x2  
  86  5:27  Ravager  
  91  5:30  Overlord  
  91  5:32  Zergling x2, Roach  
  91  5:33  Overseer  
  94  5:40  Roach x2  
  98  5:47  Overlord  
  98  5:49  Zergling x4, Roach x2  
  103  5:50  Overseer  
  103  5:55  Ravager  
  103  5:56  Zergling x2  
  103  5:57  Zergling x6  
  108  6:03  Overlord  
  108  6:05  Zergling x8  
  108  6:07  Zergling x2  
  113  6:12  Overlord  
  113  6:13  Overseer  
  113  6:15  Overlord  
  113  6:18  Overlord  
  113  6:23  Roach x2  
  119  6:25  Roach  
  119  6:30  Zergling x2, Roach  
  114  6:39  Zergling x6, Roach  
  108  6:40  Zergling x4  
  108  6:44  Zergling x2, Roach  
  108  6:45  Ravager  
  108  6:47  Ravager x2  
  107  6:49  Zergling x2, Roach  
  107  6:51  Zergling x2  
  108  6:55  Zergling x2, Roach  
  108  6:57  Ravager  
  107  7:04  Drone x5  
  105  7:09  Drone x2  
  105  7:15  Drone  
  100  7:16  Drone  
  100  7:17  Drone, Baneling Nest  
  100  7:21  Drone  
  96  7:23  Drone x2  
  96  7:24  Drone x2  
  96  7:25  Drone  
  96  7:26  Drone  
  96  7:28  Drone  
  99  7:30  Drone  
  99  7:31  Drone  
  99  7:33  Drone  
  99  7:34  Drone  
  93  7:39  Drone, Evolution Chamber  
  93  7:41  Drone  
  93  7:42  Drone  
  92  7:49  Drone x2  
  92  7:50  Drone  
  95  7:52  Drone x3  
  95  7:54  Drone  
  95  7:55  Drone  
  95  7:58  Drone  
  95  7:59  Drone x2  
  95  8:00  Drone  
  95  8:01  Centrifical Hooks  
  95  8:03  Extractor  
  95  8:04  Extractor, Roach  
  93  8:08  Zerg Melee Weapons Level 1  
  93  8:11  Extractor, Roach  
  86  8:13  Roach  
  86  8:18  Roach  
  86  8:19  Roach x5  
  100  8:23  Zergling x6  
  103  8:28  Ravager  
  103  8:29  Roach x2  
  103  8:32  Hatchery  
  108  8:34  Zergling x6  
  108  8:38  Zergling x4  
  112  8:42  Baneling x5  
  112  8:44  Roach  
  112  8:46  Roach  
  112  8:47  Zergling x8  
  120  8:54  Zergling x6, Roach  
  117  8:59  Roach  
  117  9:00  Roach x2  
  117  9:01  Roach  
  117  9:02  Roach  
  118  9:07  Roach, Queen  
  118  9:09  Roach  
  110  9:12  Roach  
  110  9:16  Roach x3  
  106  9:19  Roach  
  106  9:21  Queen  
  109  9:27  Spire, Zergling x2, Roach  
  111  9:32  Zergling x6, Roach x3  
  111  9:35  Baneling x2  
  111  9:36  Baneling x3  
  111  9:37  Ravager x3  
  119  9:39  Zergling x4  
  119  9:41  Zergling x2  
  119  9:43  Ravager x2  
  112  9:54  Zergling x2, Roach x3  
  112  9:56  Zergling x4, Roach  
  112  9:59  Baneling x4  
  123  10:00  Baneling x2  
  123  10:02  Zergling x6, Roach  
  129  10:07  Zergling x2, Roach  
  129  10:14  Roach x2  
  121  10:17  Roach x4  
  121  10:20  Roach  
  124  10:24  Zergling x2  
  124  10:26  Roach  
  124  10:28  Roach  
  125  10:32  Zergling x4, Roach x2  
  116  10:42  Queen, Mutalisk x2  
  118  10:43  Mutalisk x3  
  118  10:46  Mutalisk  
  118  10:48  Overlord  
  130  10:57  Baneling x6  
  130  10:58  Zergling x6  
  130  11:00  Queen  
  130  11:01  Zergling x8  
  137  11:06  Zergling x2, Roach  
  140  11:12  Zergling x2, Roach  
  140  11:16  Overlord  
  140  11:17  Roach  
  145  11:19  Baneling x13  
  145  11:20  Zergling x4  
  145  11:25  Zergling x4, Roach  
  150  11:28  Baneling x3  
  150  11:30  Overlord  
  150  11:31  Zergling x2, Overlord  
  151  11:36  Zergling x8  
  151  11:37  Hatchery  
  154  11:43  Zergling x4, Roach  

Tags
 
Add a new tag
Caveats
  • Supply blocks, unpowered buildings, or Contaminate may cause inaccurate times.
  • Supply counts are checked every 10 seconds.